Map: [ESL] Cosmic Sapphire

Players

Reynor

  • Race: Zerg Zerg
  • Spawn Location: 11:00

Strange - Winner!

  • Race: Protoss Protoss
  • Spawn Location: 5:00

Event: DreamHack SC2 Masters 2022 Atlanta (Online)

VOD

Have the link to the VOD?

Description

Time

  • Played on: Oct. 7, 2022, 11:12 a.m.
  • Length: 9:15

All games in this series

Show
View Real Time Build Order
Export as new Build Order

Reynor Zerg 

Build Orders: Hatch First 

Get SALT Encoding   

  12  0:00  Drone  
  13  0:12  Overlord  
  13  0:16  Drone  
  14  0:30  Drone x2  
  16  0:47  Hatchery  
  15  0:51  Drone  
  15  0:54  Drone  
  17  0:57  Drone  
  18  1:08  Extractor  
  17  1:13  Spawning Pool  
  17  1:15  Drone  
  17  1:19  Drone  
  18  1:28  Drone  
  19  1:38  Drone  
  20  1:49  Overlord  
  20  1:59  Queen  
  20  2:00  Drone x2  
  24  2:02  Queen  
  26  2:10  Drone x2  
  28  2:21  Zergling x2, Drone  
  30  2:29  Metabolic Boost  
  30  2:32  Overlord  
  30  2:35  Hatchery  
  29  2:37  Drone  
  29  2:42  Drone  
  29  2:44  Drone  
  32  2:48  Queen  
  34  2:53  Drone x2  
  36  2:59  Queen  
  36  3:04  Zergling x2  
  36  3:05  Drone  
  40  3:07  Overlord  
  40  3:10  Drone x2  
  42  3:14  Drone  
  42  3:16  Drone  
  44  3:24  Queen  
  44  3:26  Drone x2  
  48  3:35  Overlord  
  48  3:36  Queen  
  48  3:41  Drone  
  51  3:46  Roach Warren  
  49  3:49  Zergling x6  
  49  3:50  Queen  
  54  3:57  Zergling x6  
  54  3:58  Drone  
  54  3:59  Drone  
  54  4:02  Drone  
  60  4:04  Spore Crawler  
  60  4:07  Spore Crawler, Drone  
  60  4:09  Drone x2  
  61  4:10  Drone  
  61  4:14  Spore Crawler, Drone  
  62  4:19  Drone  
  62  4:20  Overlord  
  62  4:21  Drone  
  62  4:23  Drone  
  64  4:34  Overlord x2  
  64  4:37  Evolution Chamber  
  63  4:40  Evolution Chamber  
  63  4:41  Roach x3  
  63  4:42  Roach  
  63  4:45  Roach x2  
  72  4:52  Zergling x6, Roach  
  74  5:07  Zergling x2, Roach x2  
  72  5:14  Drone x3  
  72  5:17  Drone  
  72  5:20  Drone  
  77  5:25  Drone  
  77  5:26  Drone  
  79  5:32  Drone x2  
  81  5:36  Spore Crawler  
  81  5:37  Drone x2  
  81  5:39  Drone  
  81  5:40  Drone  
  84  5:43  Overlord  
  84  5:45  Drone  
  84  5:49  Drone x3  
  88  5:52  Extractor  
  88  5:53  Drone  
  88  5:54  Overlord  
  88  6:10  Roach x4  
  91  6:13  Drone  
  91  6:14  Drone x4  
  88  6:19  Drone x2, Overlord  
  88  6:24  Queen  
  92  6:26  Zergling x8  
  92  6:27  Drone  
  92  6:28  Drone x2  
  92  6:30  Extractor  
  92  6:31  Drone x2, Extractor  
  99  6:34  Lair  
  99  6:36  Overlord  
  99  6:46  Roach x2  
  102  6:47  Drone  
  102  6:49  Zergling x4, Roach  
  102  6:53  Drone  
  108  6:56  Drone  
  108  6:59  Hatchery, Overlord  
  104  7:09  Roach x3  
  104  7:10  Roach  
  104  7:11  Drone x4  
  104  7:15  Overlord  
  115  7:16  Drone x2  
  115  7:18  Zerg Missile Weapons Level 1, Hatchery  
  115  7:19  Extractor  
  115  7:20  Extractor  
  114  7:23  Roach x2  
  114  7:26  Drone  
  121  7:30  Roach x3  
  121  7:33  Roach x3  
  121  7:35  Overlord  
  131  7:37  Roach  
  131  7:40  Evolution Chamber  
  131  7:41  Zergling x4, Roach x2  
  129  7:48  Glial Reconstitution  
  130  7:52  Zergling x2, Roach x2  
  134  8:00  Roach x2  
  134  8:01  Roach x2  
  134  8:02  Drone x2  
  134  8:03  Drone x2  
  134  8:04  Drone  
  143  8:11  Drone  
  144  8:15  Overlord  
  144  8:17  Roach  
  144  8:18  Overlord x3  
  146  8:23  Overlord  
  146  8:26  Spore Crawler, Ravager  
  145  8:27  Overlord  
  141  8:34  Ravager  
  141  8:35  Roach x2, Ravager x3  
  141  8:36  Roach x2  
  141  8:40  Roach x3  
  152  8:43  Roach x2  
  152  8:46  Zergling x10, Roach x2  
  138  8:52  Roach x2  
Show
View Real Time Build Order
Export as new Build Order

Strange Protoss - Winner!

Build Orders: 1 Gate Expand, Mass Adepts 

Get SALT Encoding   

  12  0:00  Probe  
  13  0:12  Probe  
  14  0:20  Pylon  
  14  0:24  Probe  
  15  0:38  Probe (Chrono Boost)  
  15  0:41  Gateway  
  16  0:47  Probe (Chrono Boost), Assimilator  
  17  0:53  Probe  
  18  1:05  Probe  
  19  1:17  Probe  
  20  1:24  Nexus  
  20  1:32  Cybernetics Core  
  20  1:35  Probe  
  21  1:41  Assimilator  
  21  1:47  Probe  
  21  1:50  Pylon  
  22  1:59  Probe (Chrono Boost)  
  23  2:08  Adept, Warp Gate  
  23  2:11  Probe (Chrono Boost)  
  26  2:16  Probe (Chrono Boost)  
  26  2:21  Twilight Council  
  27  2:25  Probe (Chrono Boost)  
  29  2:38  Probe (Chrono Boost)  
  29  2:39  Probe (Chrono Boost), Stalker  
  33  2:45  Probe x2 (Chrono Boost)  
  34  2:53  Probe  
  34  2:57  Gateway  
  34  2:58  Gateway  
  35  3:05  Gateway  
  35  3:06  Probe  
  35  3:08  Probe  
  35  3:10  Resonating Glaives (Chrono Boost)  
  35  3:12  Adept  
  39  3:19  Probe  
  40  3:23  Probe  
  40  3:24  Pylon  
  41  3:31  Probe  
  42  3:36  Probe  
  43  3:42  Pylon  
  43  3:47  Nexus  
  43  4:00  Adept x4  
  43  4:02  Probe x2  
  53  4:06  Pylon  
  53  4:13  Shield Battery  
  53  4:21  Adept x4  
  53  4:23  Probe  
  62  4:26  Probe  
  62  4:31  Assimilator  
  63  4:32  Assimilator  
  63  4:35  Pylon  
  63  4:42  Adept x2  
  63  4:43  Adept  
  63  4:44  Probe  
  70  4:53  Probe  
  70  4:57  Probe  
  72  5:00  Adept  
  72  5:01  Probe  
  72  5:05  Probe  
  76  5:09  Probe  
  76  5:13  Probe  
  74  5:17  Probe (Chrono Boost)  
  74  5:18  Robotics Facility  
  74  5:21  Probe (Chrono Boost)  
  74  5:24  Adept x4  
  81  5:29  Probe x2 (Chrono Boost)  
  81  5:33  Shield Battery, Probe (Chrono Boost)  
  83  5:37  Blink  
  83  5:38  Probe (Chrono Boost)  
  83  5:40  Probe (Chrono Boost)  
  85  5:43  Pylon  
  85  5:44  Sentry x3  
  91  5:50  Probe  
  91  5:51  Forge, Probe  
  93  6:01  Probe  
  93  6:02  Probe  
  95  6:08  Probe  
  90  6:12  Adept x4  
  90  6:13  Probe  
  90  6:14  Probe  
  90  6:17  Protoss Ground Weapons Level 1 (Chrono Boost)  
  96  6:20  Probe  
  96  6:25  Immortal  
  99  6:28  Assimilator  
  99  6:32  Pylon  
  99  6:33  Gateway  
  99  6:36  Gateway, Pylon  
  99  6:39  Probe, Pylon  
  100  6:40  Probe  
  100  6:41  Pylon  
  101  6:50  Probe  
  102  6:56  Gateway  
  102  6:58  Sentry, Gateway, Stalker x2  
  102  6:59  Gateway  
  106  7:09  Warp Prism (Chrono Boost)  
  106  7:10  Stalker  
  110  7:17  Gateway  
  110  7:23  Sentry, Stalker x2  
  110  7:24  Gateway  
  116  7:30  Stalker  
  118  7:43  Immortal (Chrono Boost)  
  120  7:49  Stalker x4  
  124  7:54  Stalker x4  
  124  7:57  Pylon  
  130  7:59  Pylon  
  130  8:04  Stalker  
  126  8:11  Photon Cannon  
  126  8:19  Stalker x6  
  139  8:20  Observer (Chrono Boost), Stalker  
  141  8:29  Stalker x2  
  141  8:43  Stalker x5  
  137  8:50  Stalker x4  
  129  8:57  Stalker x2  
Tags
 
Add a new tag
Caveats
  • Supply blocks, unpowered buildings, or Contaminate may cause inaccurate times.
  • Supply counts are checked every 10 seconds.